 Dungeon Crawl Stone Soup version 0.17-a0-1583-g2df49ec (webtiles) character file.

51 ololoev the Ruffian (level 3, -3/29 HPs)
             Began as a Draconian Transmuter on July 28, 2015.
             Slain by a kobold
             ... wielding a +0 short sword
              (5 damage)
             ... on level 2 of the Dungeon.
             The game lasted 00:02:57 (1447 turns).

ololoev the Ruffian (Draconian Transmuter)          Turns: 1447, Time: 00:02:58

Health: -3/29      AC:  5    Str: 12    XL:     3   Next: 58%
Magic:  3/7        EV: 12    Int: 14    God:
Gold:   63         SH:  0    Dex: 11    Spells: 2 memorised, 4 levels left

rFire  . . .     SeeInvis .       - Unarmed
rCold  . . .     Clarity  .     (armour unavailable)
rNeg   . . .     SustAt   .     (no shield)
rPois  .         Gourm    .     (helmet restricted)
rElec  .         Spirit   .     (no cloak)
rCorr  .         Warding  .     (no gloves)
rMut   .         Stasis   .     (no boots)
MR     .....                    (no amulet)
Stlth  +.........               (no ring)
                                (no ring)

@: very slightly contaminated, not resistant to hostile enchantments, very
unstealthy
A: unfitting armour, cold-blooded, AC +5
a: no special abilities


Innate Abilities, Weirdness & Mutations

Your plain brown scales are hard (AC +5).
Your body does not fit into most forms of armour.
You are cold-blooded and may be slowed by cold attacks.

Inventory:

Missiles
 a - 21 arrows
Scrolls
 d - a scroll of noise {unknown}
 f - a scroll of remove curse {unknown}
 g - a scroll of fear {unknown}
Potions
 e - a potion of heal wounds {unknown}
 i - a potion of curing {unknown}
Books
 b - a book of Changes

   Spells                             Type                      Level
   a - Beastly Appendage              Transmutation                1
   b - Sticks to Snakes               Transmutation                2
   c - Spider Form                    Transmutation/Poison         3
   d - Ice Form                       Ice/Transmutation            4
   e - Blade Hands                    Transmutation                5
Comestibles
 c - 3 bread rations
 h - a meat ration
 j - 2 chunks of flesh


   Skills:
 + Level 2.1 Fighting
 + Level 2.6 Dodging
 - Level 3.0 Unarmed Combat
 + Level 2.6 Spellcasting
 - Level 2.0 Transmutations


You had 4 spell levels left.
You knew the following spells:

 Your Spells              Type           Power        Failure   Level  Hunger
a - Beastly Appendage     Trmt           #.....       12%         1    #......
b - Sticks to Snakes      Trmt           #.........   17%         2    ###....


You were on level 2 of the Dungeon.
You were not hungry.

You visited 1 branch of the dungeon, and saw 2 of its levels.

You collected 63 gold pieces.

### #.. #.#### # #..(.
.# ####..####.#
#.!...<....#
#######.(.Sg...).#
#......(...........#
#.....@.......##.....#
#.....K....g.>........
#.............########
#...............
#......#########.
#......# #......#
####....

Notes
Turn   | Place    | Note
--------------------------------------------------------------
     0 | D:1      | ololoev the Draconian Transmuter began the quest for the Orb.
     0 | D:1      | Reached XP level 1. HP: 16/16 MP: 3/3
   132 | D:1      | Reached XP level 2. HP: 15/23 MP: 5/5
   143 | D:1      | Learned a level 2 spell: Sticks to Snakes
  1048 | D:2      | Reached XP level 3. HP: 28/28 MP: 0/6
  1447 | D:2      | Slain by a kobold

Dungeon Overview and Level Annotations

Branches:
Dungeon (2/15)

Altars:


Message History

Anything else - Stay silent.
Gang up on whom?
Press: ? - help, Dir - move target cursor, f - gnoll
Aim: a gnoll, wielding a halberd Attack!
You hear a shout!
Your ball python bites the gnoll but does no damage.
Your ball python grabs the gnoll.
Your ball python constricts the gnoll.
The kobold throws a stone.
The stone closely misses you. The gnoll closely misses you.
Your ball python bites the gnoll.
Your ball python constricts the gnoll.
The kobold throws a stone.
The stone hits you.
Your ball python completely misses the gnoll.
Your ball python constricts the gnoll.
The gnoll barely misses your ball python.
You see here a stone.
Your ball python bites the gnoll.
Your ball python constricts the gnoll.
The kobold throws a stone.
The stone hits you.
You see here a stone.
Your horns disappear.
The gnoll barely misses your ball python.
Your ball python bites the gnoll.
Your ball python constricts the gnoll.
The kobold hits you but does no damage.
You hit the kobold but do no damage.
Your ball python bites the gnoll but does no damage.
Your ball python constricts the gnoll.
The gnoll barely misses your ball python.
The kobold closely misses you.
A hobgoblin comes into view.
You barely miss the kobold.
Your ball python bites the gnoll.
Your ball python constricts the gnoll.
The gnoll struggles to escape constriction.
The kobold hits you with a short sword.
You hit the kobold.
The kobold is moderately wounded.
Your ball python bites the gnoll.
Your ball python constricts the gnoll.
The gnoll barely misses your ball python.
Your ball python bites the gnoll but does no damage.
Your ball python constricts the gnoll.
The kobold hits you with a short sword.
You die...

You could see a gnoll, a hobgoblin, a kobold and a friendly ball python.

Vanquished Creatures
  An adder (D:2)
  2 gnolls
  A worm (D:2)
  A giant gecko (D:1)
  2 giant cockroaches (D:1)
  4 hobgoblins (D:1)
  3 kobolds (D:1)
  7 bats (D:1)
  A giant newt (D:1)
  3 goblins (D:1)
  6 rats (D:1)
31 creatures vanquished.

Action                   || total
-------------------------++-------
Melee: Unarmed           ||   126
 Cast: Sticks to Snakes  ||     6
       Beastly Appendage ||     4
 Stab: Sleeping          ||     2
  Eat: Chunk             ||     2

Vault maps used:
D:1:      lemuel_arrival_broad_hall
D:2:      minmay_door_path
